 Dungeon Crawl Stone Soup version 0.24.0-125-gc4c63601f3 (webtiles) character file.

Game seed: 13291759554763700451, levelgen mode: deterministic

226 GenChuck the Conjurer (level 5, -2/40 HPs)
             Began as a Draconian Conjurer on Mar 17, 2020.
             Slain by a bullfrog (8 damage)
             ... on level 2 of the Dungeon.
             The game lasted 00:28:24 (4351 turns).

GenChuck the Conjurer (Draconian Conjurer)          Turns: 4351, Time: 00:28:25

Health: -2/40      AC:  5    Str: 11    XL:     5   Next: 69%
Magic:  8/9        EV: 12    Int: 16    God:
Gold:   71         SH:  0    Dex: 11    Spells: 7/10 levels left

rFire    . . .     SeeInvis .   a - +0 mace
rCold    . . .     Gourm    .   (no shield)
rNeg     . . .     Faith    .   (armour unavailable)
rPois    .         Spirit   .   (helmet restricted)
rElec    .         Reflect  .   (no cloak)
rCorr    .         Harm     .   (no gloves)
MR       .....                  (no boots)
Stlth    ++........             (no amulet)
HPRegen  0.13/turn              (no ring)
MPRegen  0.11/turn              (no ring)

@: no status effects
A: unfitting armour, cold-blooded, AC +5
a: no special abilities


You were on level 2 of the Dungeon.
You were not hungry.

You visited 1 branch of the dungeon, and saw 3 of its levels.

You collected 71 gold pieces.

Inventory:

Hand Weapons
 a - a +0 mace (weapon)
Wands
 n - a wand of acid (8)
Scrolls
 c - 2 scrolls of identify
 d - 2 scrolls of blinking
 f - 2 scrolls of noise {unknown}
 g - a scroll of enchant armour {unknown}
 h - a scroll of amnesia {unknown}
 j - a scroll of fear {unknown}
 k - a scroll of random uselessness {unknown}
 m - a scroll of magic mapping {unknown}
Potions
 b - a potion of flight {unknown}
 e - a potion of berserk rage {unknown}


   Skills:
 + Level 1.1 Fighting
 + Level 1.3 Maces & Flails
 + Level 2.2 Dodging
 + Level 2.0 Stealth
 + Level 3.1 Spellcasting
 * Level 5.8 Conjurations


You had 7 spell levels left.
You knew the following spells:

 Your Spells              Type           Power        Failure   Level  Hunger
a - Magic Dart            Conj           ###.         1%          1    None
b - Searing Ray           Conj           ###...       2%          2    ##.....

Your spell library contained the following spells:

 Spells                   Type           Power        Failure   Level  Hunger
 Dazzling Spray           Conj/Hex       ##....       17%         3    ###....
 Iskenderun's Mystic Bla  Conj           ###.....     17%         4    ####...
 Force Lance              Conj/Tloc      ##......     50%         4    ####...
 Fulminant Prism          Conj/Hex       ##........   50%         4    ####...


Dungeon Overview and Level Annotations

Branches:
Dungeon (3/15)

Altars:
Hepliaklqana


Innate Abilities, Weirdness & Mutations

Your plain brown scales are hard. (AC +5)
You cannot fit into any form of body armour.
You are cold-blooded and may be slowed by cold attacks.


Message History

The bullfrog hits you.
As you read the scroll labeled OMESAA KURUNA, it crumbles to dust.
It is a scroll of identify.
d - 2 scrolls of blinking The jackal bites you but does no damage.
The bullfrog hits you. The jackal barely misses you.
You hit the bullfrog but do no damage.
The bullfrog is heavily wounded.
The bullfrog hits you. The bullfrog misses you.
The jackal bites you but does no damage.
You hit the bullfrog.
The bullfrog is severely wounded.
The bullfrog hits you.
* * * LOW HITPOINT WARNING * * *
The jackal bites you but does no damage.
The bullfrog hits you.
* * * LOW HITPOINT WARNING * * *
The jackal bites you but does no damage.
The bullfrog hits you!
You die...

...#.......).......'....#
##.....
...#...............######
#......
...#.........).....#
#.#####
#######............# #.#
#########..### #.#
####### #.)#### #.#####
......#
#..)..#######......
......#
##F##.............#
......#
#@##.............#
......#
#h##.............#
......#
######.##.............#
......#
#.......'.............#
......#
#.####.##.............#
......# #.#
#.##.............#
......# #.#
#.##.............#
......#
#.####.################
......# #......#


You could see a bullfrog and a jackal.

Vanquished Creatures
  An orc priest (D:3)
  Natasha (twice) (D:2)
  Robin (D:2)
  2 adders
  3 oozes
  A worm (D:3)
  3 dart slugs (D:2)
  11 orcs
  6 giant cockroaches
  12 goblins
  11 hobgoblins
  3 jackals (D:3)
  3 ball pythons (D:2)
  4 bats
  3 frilled lizards
  9 kobolds
  9 rats
84 creatures vanquished.

Notes
Turn   | Place    | Note
-------+----------+-------------------------------------------
     0 | D:1      | GenChuck the Draconian Conjurer began the quest for the
                  | Orb.
     0 | D:1      | Reached XP level 1. HP: 14/14 MP: 3/3
   181 | D:1      | Reached XP level 2. HP: 20/20 MP: 1/5
   337 | D:1      | Learned a level 2 spell: Searing Ray
   874 | D:1      | Reached XP level 3. HP: 26/26 MP: 0/6
  1047 | D:2      | Reached skill level 5 in Conjurations
  1377 | D:2      | Noticed Robin
  1598 | D:2      | Killed Robin
  1598 | D:2      | Reached XP level 4. HP: 26/33 MP: 0/7
  2518 | D:2      | Found a hazy altar of Hepliaklqana.
  2594 | D:3      | Noticed Natasha
  2831 | D:2      | Killed Natasha
  2831 | D:2      | Reached skill level 1 in Maces & Flails
  3064 | D:2      | Reached XP level 5. HP: 5/39 MP: 4/9
  3122 | D:2      | Noticed Natasha
  3519 | D:3      | Reached skill level 1 in Fighting
  3984 | D:2      | Killed Natasha
  4351 | D:2      | Slain by a bullfrog

Levels and vault maps discovered:
D:1:      lemuel_arrival_room, layout_basic, chequers_serial_rivers_micro_b,
          minmay_hexomino_p4
D:2:      layout_basic, lemuel_coloured_pillars_altar, uniq_robin
D:3:      layout_rooms, first_ration, uniq_natasha

Skill      XL: |  1  2  3  4  5 |
---------------+----------------+-----
Conjurations   | 5 |  5.8
Maces & Flails | 1 |  1.3
Dodging        | 2 |  2.2
Stealth        | 2 |  2.0
Fighting       | 1 |  1.1
Spellcasting   | 3 |  3.1

Action                   |  1- 3 |  4- 6 || total
-------------------------+-------+-------++-------
Melee: Mace              |    40 |    43 ||    83
       Tailslap          |     5 |     4 ||     9
 Cast: Magic Dart        |    75 |   109 ||   184
       Searing Ray       |     1 |     4 ||     5
  Use: Scroll            |       |     1 ||     1
  Eat: Chunk             |     3 |     2 ||     5
       Ration            |       |     3 ||     3
Armor: Skin              |    10 |    31 ||    41
Dodge: Dodged            |    29 |    55 ||    84
